Map: Orbital Shipyard

Players

LilDicky - Winner!

  • Race: Terran Terran
  • League: Diamond

Ekemet

  • Race: Protoss Protoss
  • League: Gold

VOD

http://www.twitch.tv/tumescentpie

Description

Time

  • Played on: Nov. 27, 2015, 10:51 a.m.
  • Length: 6:28
Show
View Real Time Build Order
Export as new Build Order

LilDicky Terran - Winner!

Build Orders: MMM Bio 

Get SALT Encoding   

  12  0:05  SCV  
  13  0:17  SCV  
  14  0:21  Supply Depot  
  14  0:33  SCV  
  15  0:39  Refinery  
  15  0:45  Barracks  
  15  0:47  SCV  
  16  0:59  SCV  
  17  1:11  Supply Depot, SCV  
  18  1:23  SCV  
  19  1:35  SCV  
  20  1:42  Marine  
  21  1:47  Orbital Command  
  21  1:49  Factory  
  21  2:00  Marine  
  22  2:23  SCV  
  22  2:25  Refinery, Barracks x2  
  22  2:27  Barracks Reactor  
  23  2:35  SCV  
  24  2:43  Supply Depot  
  24  2:47  SCV  
  24  2:51  Widow Mine  
  27  2:59  SCV  
  27  3:10  Marine x2  
  29  3:19  Widow Mine  
  31  3:33  Marine x2  
  31  3:34  Barracks Tech Lab x2  
  31  3:35  SCV  
  31  3:39  Starport  
  31  3:40  Supply Depot  
  34  3:56  SCV  
  34  3:58  Combat Shields, Stimpack  
  34  3:59  Marine  
  34  4:00  Marine  
  34  4:02  Marine, Marauder  
  40  4:08  SCV  
  39  4:17  Marine  
  39  4:18  Marine  
  39  4:19  Medivac  
  39  4:20  Marauder  
  39  4:24  Supply Depot  
  43  4:26  Marauder  
  45  4:35  Marine  
  45  4:38  SCV  
  47  4:40  Marine  
  47  4:43  Marauder  
  52  4:53  SCV  
  53  5:03  Supply Depot  
  53  5:05  SCV  
  52  5:17  SCV, Marauder x2, Concussive Shells, Marine x2  
  59  5:25  Medivac  
  59  5:28  Supply Depot  
  61  5:30  SCV  
  60  6:00  Marine x2  
  60  6:01  Marauder x2  
Show
View Real Time Build Order
Export as new Build Order

Ekemet Protoss 

Build Orders:  

Get SALT Encoding   

  12  0:01  Probe (Chrono Boost)  
  13  0:11  Probe (Chrono Boost)  
  14  0:22  Probe (Chrono Boost)  
  14  0:23  Pylon  
  15  0:32  Assimilator  
  15  0:43  Gateway  
  15  0:45  Probe (Chrono Boost)  
  16  0:56  Probe (Chrono Boost)  
  17  1:06  Probe (Chrono Boost)  
  18  1:12  Pylon  
  18  1:17  Probe (Chrono Boost)  
  19  1:27  Probe (Chrono Boost)  
  19  1:32  Cybernetics Core  
  20  1:38  Probe (Chrono Boost)  
  21  1:48  Probe (Chrono Boost)  
  22  1:59  Probe (Chrono Boost)  
  23  2:06  Nexus  
  23  2:10  Mothership Core (Chrono Boost)  
  23  2:11  Warp Gate  
  24  2:17  Assimilator  
  24  2:28  Probe (Chrono Boost)  
  24  2:29  Stalker  
  27  2:38  Pylon  
  27  2:39  Probe (Chrono Boost)  
  28  2:48  Gateway  
  28  2:50  Probe (Chrono Boost)  
  29  3:01  Probe (Chrono Boost)  
  30  3:07  Robotics Facility  
  30  3:12  Probe (Chrono Boost)  
  31  3:18  Sentry  
  33  3:22  Probe x2 (Chrono Boost)  
  33  3:35  Stalker  
  33  3:37  Probe (Chrono Boost)  
  33  3:39  Pylon  
  36  3:42  Probe (Chrono Boost)  
  36  3:48  Probe (Chrono Boost)  
  38  3:52  Probe (Chrono Boost)  
  39  3:57  Observer (Chrono Boost)  
  39  3:58  Probe  
  39  3:59  Stalker  
  43  4:04  Gateway  
  45  4:11  Probe  
  46  4:24  Gateway  
  46  4:26  Probe x2  
  48  4:37  Probe  
  46  4:38  Probe  
  46  4:39  Assimilator  
  46  4:44  Robotics Bay  
  48  4:46  Zealot x2  
  48  4:48  Probe  
  48  4:52  Pylon, Assimilator  
  53  4:58  Probe  
  53  4:59  Probe  
  55  5:09  Probe  
  55  5:11  Probe  
  57  5:19  Probe  
  58  5:22  Stalker  
  58  5:23  Probe, Zealot x2  
  65  5:30  Probe  
  65  5:32  Forge  
  65  5:35  Probe  
  67  5:39  Pylon  
  67  5:40  Probe  
  66  5:46  Zealot x2  
  66  5:47  Probe  
  67  5:59  Probe  
  74  6:05  Pylon  
  74  6:07  Pylon  
  74  6:08  Pylon  
  74  6:10  Pylon  
Tags
 
Add a new tag
Caveats
  • Supply blocks, unpowered buildings, or Contaminate may cause inaccurate times.
  • Supply counts are checked every 10 seconds.